 Dungeon Crawl Stone Soup version 0.22-a0-299-g43f9854 (webtiles) character file.

10612 4thArraOfDagon the Arsonist (level 11, -16/74 HPs)
             Began as a Red Draconian Ice Elementalist on Mar 25, 2018.
             Was a High Priest of Sif Muna.
             Demolished by a death knight
             ... wielding a +0 battleaxe
              (22 damage)
             ... on level 12 of the Dungeon.
             The game lasted 00:42:58 (6997 turns).

4thArraOfDagon the Arsonist (DrIE)                  Turns: 6997, Time: 00:42:58

Health: -16/74     AC: 11    Str: 11    XL:     11   Next: 38%
Magic:  20/20      EV: 12    Int: 19    God:    Sif Muna [*****.]
Gold:   565        SH:  0    Dex: 15    Spells: 11/23 levels left

rFire    + + .     SeeInvis .   c - staff of fire
rCold    . . .     Gourm    .   (no shield)
rNeg     . . .     Faith    .   (armour unavailable)
rPois    .         Spirit   .   (helmet restricted)
rElec    .         Reflect  .   (no cloak)
rCorr    .         Harm     +   C - +0 pair of gloves
MR       .....                  (no boots)
Stlth    ++........             i - amulet of harm
HPRegen  0.22/turn              t - +3 ring of protection
MPRegen  0.17/turn              j - +4 ring of dexterity

@: short of breath, divine energy
A: breathe fire, unfitting armour, fire resistance 1, cold-blooded, AC +7
a: Breathe Fire, Stop Divine Energy, Channel Magic, Forget Spell, Renounce
Religion


You were on level 12 of the Dungeon.
You worshipped Sif Muna.
Sif Muna was extremely pleased with you.
You were not hungry.

You visited 2 branches of the dungeon, and saw 13 of its levels.
You also visited: Sewer.

You collected 684 gold pieces.
You spent 119 gold pieces at shops.

Inventory:

Hand Weapons
 h - a +1 dagger of freezing
 B - a +0 scythe of flaming
Armour
 C - a +0 pair of gloves (worn)
Magical Staves
 c - an uncursed staff of fire (weapon)
Jewellery
 e - an uncursed amulet of rage
 f - an uncursed ring of flight
 i - an amulet of harm (around neck)
 j - a +4 ring of dexterity (right hand)
 l - an uncursed ring of protection from fire
 t - a +3 ring of protection (left hand)
 x - an uncursed ring of ice
Wands
 p - a wand of acid (9)
 y - a wand of enslavement (4)
Scrolls
 a - a scroll of magic mapping
 d - 6 scrolls of teleportation
 k - a scroll of enchant armour {unknown}
 n - 3 scrolls of fear
 o - 3 scrolls of amnesia
 q - a scroll of immolation
 s - 3 scrolls of remove curse
 v - a scroll of blinking
 w - 2 scrolls of fog
Potions
 g - a potion of curing
 m - 2 potions of cancellation
 u - 4 potions of flight {unknown}
 z - a potion of magic
 A - a potion of heal wounds
Comestibles
 b - 19 rations
 D - a chunk of flesh


   Skills:
 - Level 1.7 Dodging
 - Level 1.7 Stealth
 - Level 6.2 Unarmed Combat
 + Level 6.6 Spellcasting
 * Level 9.9 Conjurations
 * Level 11.4 Fire Magic
 - Level 3.6 Ice Magic
 + Level 5.7 Invocations
 - Level 2.3 Evocations


You had 11 spell levels left.
You knew the following spells:

 Your Spells              Type           Power        Failure   Level  Hunger
a - Freeze                Ice            ###.         2%          1    None
b - Mephitic Cloud        Conj/Pois/Air  ###.....     9%          3    ##.....
c - Bolt of Magma         Conj/Fire/Erth ######....   16%         5    #####..
d - Conjure Flame         Conj/Fire      ######..     1%          3    ##.....


Dungeon Overview and Level Annotations

Branches:
Dungeon (12/15)            Temple (1/1) D:6            Lair (0/6) D:9
    Orc: D:9-12

Altars:
Ashenzari
Cheibriados
Dithmenos
Elyvilon
Fedhas
Gozag
Makhleb
Qazlal
Sif Muna
Trog
Uskayaw
Vehumet
Wu Jian
Xom
Yredelemnul
Zin

Shops:
D:10 ?


Innate Abilities, Weirdness & Mutations

You can breathe blasts of fire.
Your fiery red scales are hard. (AC +7)
You cannot fit into any form of body armour.
Your flesh is heat resistant. (rF+)
You are cold-blooded and may be slowed by cold attacks.


Message History

Press: ? - help, Shift-Dir - straight line You breathe a blast of fire.
The fiery breath misses the death knight.
You feel somewhat more hungry.
The death knight is engulfed in blazing flames.
The death knight hits you with a battleaxe!!
* * * LOW HITPOINT WARNING * * *
Unknown command.
Unknown command.
Casting: Bolt of Magma (slightly dangerous; 16% risk of failure)
Confirm with . or Enter, or press ? or * to list all spells.
Okay, then.
Throwing (i - inventory)
r - a throwing net (quivered)
Press: ? - help, Shift-Dir - straight line, f - death knight
Aim: a death knight, wielding a battleaxe and wearing a chain mail (flame, moderately wounded)
You throw a throwing net.
The throwing net closely misses the death knight.
The death knight is engulfed in blazing flames.
The death knight hits you with a battleaxe!!
You die...

#. ##.# #Z##..###
#..#...# ##.#.###
..#..# #####[##
########## ##.# ..#
#...#....###..#
.....#.###(....p@.##
#.........÷÷#####
#..#.##..)..#
##...##...###
#...####.#########
#.....# #.........#
##.#.#.# ####...####
##..#.#W# ###)^###
...##.#.###...##


You could see a death knight.

Vanquished Creatures
  Fannar (D:10)
  Harold (D:10)
  4 two-headed ogres
  The ghost of Karim the Blocker, a novice GnFi of Ru (D:8)
  A troll (D:12)
  A human (D:7)
  Prince Ribbit (D:6)
  A slime creature (D:12)
  A hippogriff (D:8)
  Sigmund (D:2)
  A hog (D:7)
  3 yaks (D:10)
  Menkaure (D:4)
  Purgy (Sewer)
  An orc warrior (D:7)
  3 phantoms
  A necrophage (D:10)
  2 ogres
  2 sky beasts
  2 centaurs
  3 big kobolds
  8 bullfrogs
  A gnoll sergeant (D:3)
  2 scorpions
  9 wights
  A howler monkey (D:6)
  5 crimson imps
  A bullfrog zombie (D:8)
  2 quasits
  2 bullfrog skeletons (D:8)
  5 hounds
  A centaur zombie (D:8)
  4 orc priests
  3 gnoll shamans (D:3)
  2 jellies
  6 orc wizards
  4 iguanas
  6 worker ants
  An ogre zombie (D:12)
  The ghost of 4thArraOfDagon the Chiller, a weakling DrIE (D:3)
  A hound zombie (D:10)
  A mummy (D:9)
  34 gnolls
  11 adders
  3 shadow imps
  2 oozes
  3 worms
  A dart slug (D:1)
  7 leopard geckos
  33 orcs
  4 ball pythons
  5 bats
  5 giant cockroaches
  5 goblins (D:1)
  4 hobgoblins
  25 jackals
  5 quokkas
  5 frilled lizards
  A goblin skeleton (D:12)
  A jackal skeleton (D:6)
  A jackal zombie (D:8)
  24 kobolds
  An orc skeleton (D:12)
  3 orc zombies (D:12)
  A quokka skeleton (D:9)
  4 rats
287 creatures vanquished.

Vanquished Creatures (collateral kills)
  An orc priest (D:6)
  An orc (D:6)
2 creatures vanquished.

Vanquished Creatures (others)
  3 hogs (D:7)
  A yak (D:10)
  An ice beast (D:10)
  A jelly (D:6)
6 creatures vanquished.

Grand Total: 295 creatures vanquished

Notes
Turn   | Place    | Note
-------+----------+-------------------------------------------
     0 | D:1      | 4thArraOfDagon the Draconian Ice Elementalist began the quest for the Orb.
     0 | D:1      | Reached XP level 1. HP: 14/14 MP: 3/3
    66 | D:1      | Reached XP level 2. HP: 2/20 MP: 0/5
   162 | D:1      | HP: 1/20 [dart slug/slug dart (6)]
   259 | D:4      | Found a shadowy altar of Dithmenos.
   283 | D:4      | Reached XP level 3. HP: 9/26 MP: 0/6
   393 | D:4      | Reached skill level 1 in Unarmed Combat
   398 | D:4      | Reached XP level 4. HP: 5/33 MP: 0/7
   402 | D:5      | Entered Level 5 of the Dungeon
   543 | D:6      | Identified Pirex's Reference Book on the Cankerous Rocks
   551 | D:6      | Thaneod: co to znowu za mordercze kombo?
   596 | D:6      | 4thArraOfDagon: a niewiem jeszcze
   648 | D:6      | Noticed a phantom
   665 | D:6      | Found a shattered altar of Ashenzari.
   665 | D:6      | Noticed Prince Ribbit
   666 | D:6      | Found a radiant altar of Vehumet.
   682 | D:6      | Found a glowing drain.
   688 | D:6      | Found a staircase to the Ecumenical Temple.
   697 | Temple   | Entered the Ecumenical Temple
   720 | Temple   | Became a worshipper of Sif Muna the Loreminder
   774 | Sewer    | Entered a sewer
   775 | Sewer    | Thaneod: jaki jest skrót zeby wyczyscic mape lvl i eksplorowac jeszcze raz?
   791 | Sewer    | Learned a level 3 spell: Mephitic Cloud
   820 | Sewer    | Noticed Purgy
   843 | Sewer    | Killed Purgy
   843 | Sewer    | Reached XP level 5. HP: 14/38 MP: 0/8
   941 | D:6      | Noticed an orc warrior
   992 | D:5      | Noticed a phantom
  1116 | D:5      | Found a glowing silver altar of Zin.
  1146 | D:5      | Reached XP level 6. HP: 31/45 MP: 1/9
  1240 | D:4      | Reached skill level 5 in Unarmed Combat
  1260 | D:4      | Noticed Menkaure
  1265 | D:4      | Killed Menkaure
  1265 | D:4      | Reached skill level 1 in Evocations
  1439 | D:4      | Your scales start taking on a fiery red colour.
  1439 | D:4      | Reached XP level 7. HP: 37/50 MP: 1/10
  1439 | D:4      | Gained mutation: Your flesh is heat resistant. (rF+) [Red Draconian growth]
  1506 | D:3      | Learned a level 5 spell: Bolt of Magma
  1529 | D:3      | Thaneod: red dracorian => bonus to fire magic?
  1642 | D:3      | Noticed 4thArraOfDagon's ghost (weakling DrIE)
  1669 | D:2      | Found a white marble altar of Elyvilon.
  1845 | D:1      | Reached skill level 1 in Fire Magic
  2062 | D:2      | 4thArraOfDagon: ta
  2063 | D:2      | Found an ornate altar of the Wu Jian Council.
  2102 | D:2      | Found a stormy altar of Qazlal.
  2120 | D:2      | Reached * piety under Sif Muna
  2165 | D:2      | Noticed Sigmund
  2339 | D:3      | Killed 4thArraOfDagon's ghost
  2627 | D:3      | Thaneod: wow +2 to fire magic, like two rings of fire
  2675 | D:3      | Reached skill level 2 in Fire Magic
  2867 | D:3      | Thaneod: or jsut +2 to training?
  2880 | D:3      | Thaneod: just*
  2950 | D:3      | Reached skill level 3 in Fire Magic
  3086 | D:3      | Reached XP level 8. HP: 30/57 MP: 4/12
  3123 | D:3      | Sergey: hey
  3130 | D:3      | HP: 1/57 [gnoll/halberd (4)]
  3230 | D:3      | Reached skill level 4 in Fire Magic
  3235 | D:3      | Thaneod: hey
  3302 | D:3      | Reached ** piety under Sif Muna
  3419 | D:2      | Killed Sigmund
  3636 | D:5      | Found a bloodstained altar of Trog.
  3665 | D:5      | Reached skill level 5 in Fire Magic
  3803 | D:6      | Killed Prince Ribbit
  3803 | D:6      | Reached skill level 5 in Conjurations
  3899 | D:6      | Reached skill level 6 in Fire Magic
  4105 | D:7      | Reached XP level 9. HP: 46/62 MP: 10/15
  4163 | D:7      | Reached skill level 7 in Fire Magic
  4188 | D:7      | Reached *** piety under Sif Muna
  4267 | D:8      | Noticed a two-headed ogre
  4306 | D:8      | Noticed Karim's ghost (novice GnFi)
  4316 | D:8      | Killed Karim's ghost
  4316 | D:8      | Reached skill level 8 in Fire Magic
  4583 | D:8      | Killed a two-headed ogre
  4583 | D:8      | Reached **** piety under Sif Muna
  4583 | D:8      | Reached skill level 5 in Spellcasting
  4583 | D:8      | Reached XP level 10. HP: 33/69 MP: 15/17
  4601 | D:8      | Found an opulent altar of Gozag.
  4618 | D:8      | Found a blossoming altar of Fedhas.
  4638 | D:8      | Reached skill level 9 in Fire Magic
  4653 | D:8      | Found a shimmering altar of Xom.
  4655 | D:8      | Found a hide-covered altar of Uskayaw.
  4758 | D:8      | Noticed a two-headed ogre
  4765 | D:8      | Killed a two-headed ogre
  4984 | D:9      | Learned a level 3 spell: Conjure Flame
  5167 | D:9      | Found a snail-covered altar of Cheibriados.
  5231 | D:9      | Found a staircase to the Lair.
  5236 | D:9      | Noticed a two-headed ogre
  5333 | D:9      | 4thArraOfDagon: weird
  5435 | D:8      | Thaneod: ?
  5437 | D:8      | Reached ***** piety under Sif Muna
  5517 | D:9      | Killed a two-headed ogre
  5517 | D:9      | Identified Sif Muna's Volume of the Entourage (Sif Muna gifted it to you on level 9 of the Dungeon)
  5517 | D:9      | Received a gift from Sif Muna
  5517 | D:9      | Reached skill level 10 in Fire Magic
  5645 | D:10     | Entered Level 10 of the Dungeon
  5916 | D:10     | Noticed Fannar
  5969 | D:10     | Killed Fannar
  5969 | D:10     | Reached skill level 5 in Invocations
  5969 | D:10     | Reached XP level 11. HP: 51/74 MP: 20/20
  6138 | D:10     | Found Fuafophexesm's Magic Scroll Boutique.
  6141 | D:10     | Bought a scroll of fear for 49 gold pieces
  6141 | D:10     | Bought a scroll of teleportation for 42 gold pieces
  6141 | D:10     | Bought a scroll of fog for 28 gold pieces
  6170 | D:10     | Noticed Harold
  6203 | D:10     | Killed Harold
  6339 | D:11     | Reached skill level 11 in Fire Magic
  6548 | D:11     | Noticed a two-headed ogre
  6558 | D:11     | Killed a two-headed ogre
  6877 | D:12     | Noticed a death knight
  6997 | D:12     | Demolished by a death knight

Vault maps used:
D:1:      sevenhm_arrival_forest_fort_small_6, minmay_pentomino_z4
D:2:      grunt_qazlal_clouds, elyvilon_altar_4, nicolae_overflow_hidden_temple,
          minivault_19, hex_intersection, uniq_sigmund
D:3:      lemuel_castle_with_subvaults, first_ration, minmay_unequal
D:4:      nicolae_dithmenos_shadow_blocks, uniq_menkaure
D:5:      old_standard_altar, serial_shops, shop, trog_book, uniq_grinder,
          uniq_ijyb, uniq_blork_the_orc, uniq_edmund
D:6:      gammafunk_temple_overflow_statue, minmay_temple_entry_poolview,
          portal_sewer_entry_f, uniq_prince_ribbit1
D:7:      nicolae_ru_awakened_eye, grunt_livestock
D:8:      minmay_cornered_nines, lemuel_crystal_altar,
          grunt_temple_overflow_open
D:9:      slow_altar_2, dpeg_oklobed_lair, minmay_liquid_box
D:10:     serial_shops, shop, uniq_harold, uniq_grum, uniq_fannar
D:11:     grunt_gozag_breadcrumbs
D:12:     zombieorc1_lemuel, serial_shops, shop, hex_tiny, cheibriados_altar_1
Temple:   nicolae_temple_figure_zero
Sewer:    kennysheep_door_sewer

Skill      XL: |  1  2  3  4  5  6  7  8  9 10 11 |
---------------+----------------------------------+-----
Ice Magic      | 4 3 |  3.6
Unarmed Combat | 2 4 6 |  6.2
Evocations     | 2 |  2.3
Fire Magic     | 3 6 8 10 11 | 11.4
Conjurations   | 3 5 7 9 |  9.9
Spellcasting   | 4 5 6 |  6.6
Invocations    | 3 5 |  5.7
Dodging        | |  1.7
Stealth        | |  1.7

Action                   |  1- 3 |  4- 6 |  7- 9 | 10-12 || total
-------------------------+-------+-------+-------+-------++-------
Melee: Unarmed           |    24 |    43 |   128 |   228 ||   423
       Tailslap          |       |     4 |     9 |    20 ||    33
       Punch             |       |     1 |     3 |     8 ||    12
Throw: Throwing net      |       |       |       |     2 ||     2
 Cast: Freeze            |    25 |    68 |   162 |    72 ||   327
       Bolt of Magma     |       |       |       |     5 ||     5
Invok: Divine Energy     |       |       |     1 |       ||     1
       Channel Magic     |       |       |       |     1 ||     1
 Abil: Evoke Berserk Rag |       |     2 |       |       ||     2
       Breathe Fire      |       |       |    28 |    31 ||    59
Evoke: Wand              |       |       |    14 |     6 ||    20
  Use: Scroll            |     4 |     4 |     1 |     3 ||    12
       Potion            |     2 |     3 |     5 |     2 ||    12
 Stab: Invisible         |       |     3 |       |       ||     3
       Sleeping          |       |     2 |     2 |       ||     4
       Held in net/web   |       |       |       |     1 ||     1
  Eat: Ration            |       |     1 |       |     1 ||     2
       Chunk             |       |     2 |    16 |    13 ||    31
Armor: Skin              |     8 |    31 |   106 |   115 ||   260
Dodge: Dodged            |    28 |    86 |   182 |   146 ||   442

Table legend:
 A = Spawn XP
 B = Non-spawn XP
 C = Spawn XP percentage of total XP
 D = Spawn monster count
 E = Non-spawn monster count
 F = Spawn count percentage of total count
 G = Total turns spent on level
                    A         B        C        D         E        F      G
               +---------+---------+-------+---------+---------+-------+---------
         Total |       0 |   15161 |   0.0 |       0 |     293 |   0.0 |  6997
               +---------+---------+-------+---------+---------+-------+---------
           D:1 |       0 |      37 |   0.0 |       0 |      19 |   0.0 |   478
           D:2 |       0 |     229 |   0.0 |       0 |       8 |   0.0 |   390
           D:3 |       0 |     869 |   0.0 |       0 |      65 |   0.0 |  1384
           D:4 |       0 |     573 |   0.0 |       0 |      25 |   0.0 |   556
           D:5 |       0 |     138 |   0.0 |       0 |      15 |   0.0 |   364
           D:6 |       0 |     588 |   0.0 |       0 |      13 |   0.0 |   637
           D:7 |       0 |     855 |   0.0 |       0 |      10 |   0.0 |   222
           D:8 |       0 |    4127 |   0.0 |       0 |      42 |   0.0 |   812
           D:9 |       0 |    1697 |   0.0 |       0 |      29 |   0.0 |   765
          D:10 |       0 |    3056 |   0.0 |       0 |      27 |   0.0 |   448
          D:11 |       0 |    1835 |   0.0 |       0 |      22 |   0.0 |   480
          D:12 |       0 |    1012 |   0.0 |       0 |      12 |   0.0 |   254
         Sewer |       0 |     145 |   0.0 |       0 |       6 |   0.0 |   159
               +---------+---------+-------+---------+---------+-------+---------
